 Dungeon Crawl Stone Soup version 0.31-a0-819-gf6de2f5ab6 (webtiles) character file.

Game seed: 15327731008191445763

7 qw the Shooter (level 2, -1/17 HPs)
             Began as a Gargoyle Hunter on Sept 23, 2023.
             Slain by a kobold
             ... wielding a +0 short sword
              (4 damage)
             ... on level 1 of the Dungeon.
             The game lasted 00:00:05 (116 turns).

qw the Shooter (Gargoyle Hunter)                     Turns: 116, Time: 00:00:06

Health: -1/17      AC:  5    Str: 14    XL:     2   Next: 4%
Magic:  2/2        EV: 11    Int:  9    God:
Gold:   16         SH:  0    Dex: 13    Spells: 1/1 levels left

rFire   . . .        a - +0 shortbow
rCold   . . .        (shield currently unavailable)
rNeg    + . .        c - +0 leather armour
rPois   inf          (no helmet)
rElec   +            (no cloak)
rCorr   .            (no gloves)
SInv    .            (no boots)
Will    .....        (no amulet)
Stlth   +            (no ring)
HPRegen 0.22/turn    (no ring)
MPRegen 0.08/turn

%: no passive effects
@: no status effects
A: sickness immunity, AC +2, negative energy resistance 1, electricity
resistance, torment resistance 1, petrification resistance
a: no special abilities


You were on level 1 of the Dungeon.
You visited 1 branch of the dungeon, and saw 1 of its levels.

You collected 16 gold pieces.


Innate Abilities, Weirdness & Mutations

You are immune to sickness and miasma.
Your stone body is resilient. (AC +2)
You are immune to poison.
You resist negative energy. (rN+)
You are resistant to electric shocks. (rElec)
You are resistant to unholy torment.
You are immune to petrification.


   Skills:
 - Level 2.1 Fighting
 + Level 4.4 Ranged Weapons
 - Level 1.5 Dodging
 - Level 1.1 Stealth


You had one spell level left.
You didn't know any spells.
Your spell library was empty.

Inventory:

Hand Weapons
 a - a +0 shortbow (weapon)
Armour
 c - a +0 leather armour (worn)
Scrolls
 b - a scroll of butterflies
 d - a scroll of noise {unknown}
 e - a scroll of revelation {unknown}

Dungeon Overview and Level Annotations

Branches:
Dungeon (1/15)

Altars:


Message History

You shoot an arrow. The arrow hits the kobold.
You kill the kobold!
The kobold hits you with a +0 short sword.
You have reached level 2!
You shoot an arrow. The arrow barely misses the kobold.
The kobold barely misses you.
You shoot an arrow. The arrow barely misses the kobold.
The kobold closely misses you. The kobold hits you but does no damage.
A rat comes into view.
You shoot an arrow. The arrow hits the kobold.
The kobold is heavily wounded.
The kobold barely misses you.
You shoot an arrow. The arrow closely misses the kobold.
The kobold hits you but does no damage.
You shoot an arrow. The arrow closely misses the kobold.
The kobold hits you with a +0 short sword.
You shoot an arrow. The arrow hits the kobold.
The kobold is severely wounded.
The kobold hits you with a +0 short sword.
The rat twitches its whiskers.
The kobold hits you but does no damage.
You shoot an arrow. The arrow barely misses the kobold.
The kobold hits you but does no damage.
You shoot an arrow.
The arrow hits the kobold but does no damage.
The kobold is heavily wounded.
The kobold closely misses you. The rat misses you.
You shoot an arrow. The arrow barely misses the kobold.
The kobold hits you with a +0 short sword.
The rat bites you but does no damage.
You shoot an arrow. The arrow closely misses the kobold.
The rat bites you but does no damage. The kobold hits you but does no damage.
You shoot an arrow.
The arrow hits the kobold but does no damage.
The kobold is heavily wounded.
The rat misses you.
The kobold hits you with a +0 short sword.
The rat barely misses you.
The kobold hits you with a +0 short sword.
You die...

.......##.#### #...#7
.............#####''##
.............##..#...#
.# #......#....##<.'.###
...#...........#########
##........#....########.
........%...............
#.....K...#.........(...
##..r@..#.............
..........#..(..........
....#######.............
... ##............. . .
#####..............
..##.............####.
.....#..#.............
.##...%#..........###.
#..................##.


You could see a kobold and a rat.

Vanquished Creatures
  A ball python (D:1)
  A bat (D:1)
  2 endoplasms (D:1)
  A kobold (D:1)
  A rat (D:1)
6 creatures vanquished.

Notes
Turn   | Place    | Note
-------+----------+-------------------------------------------
     0 | D:1      | qw the Gargoyle Hunter began the quest for the Orb.
     0 | D:1      | Reached XP level 1. HP: 12/12 MP: 1/1
     0 | D:1      | 0 ||| qw: Version: 0.3-a-83-gcd0e7d8
     0 | D:1      | 0 ||| qw: Game counter: 1720
     0 | D:1      | 0 ||| qw: Melee chars always use a shield: true
     0 | D:1      | 0 ||| qw: God list: Okawaru
     0 | D:1      | 0 ||| qw: Allow faded altars: false
     0 | D:1      | 0 ||| qw: Do Orc after clearing Dungeon:15 true
     0 | D:1      | 0 ||| qw: Do second Lair branch before Depths: true
     0 | D:1      | 0 ||| qw: Lair rune preference: random
     0 | D:1      | 0 ||| qw: Goals: Normal
     0 | D:1      | 0 ||| PLANNING D:1-11
   106 | D:1      | Reached XP level 2. HP: 9/17 MP: 2/2
   114 | D:1      | HP: 4/17 [kobold/+0 short sword (4)]
   116 | D:1      | Slain by a kobold

Levels and vault maps discovered:
D:1:      sevenhm_arrival_forest_fort_small_3, layout_rooms

Action                     || total
---------------------------++-------
   Fire: Shortbow          ||    30
 Armour: Leather armour    ||    16
  Dodge: Dodged            ||    11

Table legend:
 A = Non-vault XP
 B = Vault XP
 C = Vault XP percentage of total XP
 D = Non-vault monster count
 E = Vault monster count
 F = Vault count percentage of total count
                 A         B        C        D         E       F
            +---------+---------+-------+---------+---------+-------
      Total |      11 |       0 |   0.0 |       6 |       0 |   0.0
            +---------+---------+-------+---------+---------+-------
        D:1 |      11 |       0 |   0.0 |       6 |       0 |   0.0
            +---------+---------+-------+---------+---------+-------
